 Dungeon Sprint DCSS version 0.23.2-1-ga50397a6bc (webtiles) character file.

Game seed: 8043699722606742999

13174 Groucho the Imperceptible (level 12, -3/121 (122) HPs)
             Began as a Naga Berserker on Apr 15, 2019.
             Was the Champion of Trog.
             Slain by an unseen horror (9 damage)
             ... in the Dungeon (Sprint I: "Red Sonja") on Apr 17, 2019.
             The game lasted 00:20:27 (3213 turns).

Groucho the Imperceptible (Naga Berserker)          Turns: 3213, Time: 00:20:27

HP:   -3/121 (122)  AC:  5    Str: 21    XL:     12   Next: 3%
MP:   18/18         EV: 17    Int:  3    God:    Trog [******]
Gold: 1318          SH:  0    Dex: 17    Spells: 11/11 levels left

rFire    . . .     SeeInvis +   n - +8 short sword of Moral Flaws {venom, *Contam +Inv rN+++ Int-3}
rCold    . . .     Gourm    .   (no shield)
rNeg     + + +     Faith    .   b - +0 animal skin
rPois    +         Spirit   .   (no helmet)
rElec    .         Reflect  .   (no cloak)
rCorr    .         Harm     .   (no gloves)
MR       +....     NoTele   +   (no barding)
Stlth    ++++++++..             (no amulet)
HPRegen  0.30/turn              m - +3 ring of dexterity
MPRegen  0.16/turn              (no ring)

@: very slow
A: large, see invisible, deformed body, dopey 1, poison resistance, slowness 2,
slow metabolism 1, spit poison 1, AC +4
a: Spit Poison, Berserk, Trog's Hand, Brothers in Arms, Renounce Religion, Evoke
Invisibility


You were in the Dungeon.
You worshipped Trog.
Trog was exalted by your worship.
You were not hungry.

You visited 1 branch You collected 1656 gold pieces.
You spent 338 gold pieces at shops.

Inventory:

Hand Weapons
 a - a +0 short sword
 k - a +1 antimagic rapier
 l - a +2 short sword of venom
 n - the +8 short sword of Moral Flaws (weapon) {venom, *Contam +Inv rN+++ Int-3}
   (Trog gifted it to you in the Dungeon)

   It poisons the flesh of those it strikes.
   It affects your intelligence (-3).
   It renders you almost immune to negative energy.
   It lets you turn invisible.
   It causes magical contamination when unequipped.
 s - the +8 arc blade {discharge, rElec}
   (Trog gifted it to you in the Dungeon)

   It insulates you from electricity.
Missiles
 e - 40 stones (quivered)
 i - 29 sling bullets
 r - 7 javelins of penetration
 v - 7 tomahawks of returning
Armour
 b - a +0 animal skin (worn)
Jewellery
 m - a +3 ring of dexterity (left hand)
Wands
 c - a wand of acid (20)
 d - a wand of polymorph (2)
 q - a wand of iceblast (10)
Scrolls
 u - a scroll of amnesia {unknown}
Potions
 f - a potion of agility {unknown}
 g - 2 potions of magic
 h - a potion of berserk rage
 j - a potion of flight
 p - 2 potions of curing
 t - a potion of resistance {unknown}
Comestibles
 o - 3 rations


   Skills:
 + Level 12.0 Fighting
 + Level 13.5 Short Blades
 + Level 10.0 Armour
 + Level 10.1 Dodging
 - Level 22.0 Stealth
 - Level 8.0 Evocations


You had 11 spell levels left.
You didn't know any spells.
Your spell library was empty.

Dungeon Overview and Level Annotations

Branches:
Dungeon (1/1)

Altars:
Cheibriados
Dithmenos
Elyvilon
Fedhas
Gozag
Hepliaklqana
Kikubaaqudgha
Makhleb
Nemelex Xobeh
Okawaru
Qazlal
Ru
Sif Muna
Trog
Uskayaw
Vehumet
Wu Jian
Xom
Yredelemnul
Zin
The Shining One
Jiyva
Lugonu

Shops:
D !(%([%***(?(*:}*?**[!


Innate Abilities, Weirdness & Mutations

You cannot wear boots.
Your serpentine skin is tough. (AC +4)
You have supernaturally acute eyesight. (SInv)
Armour fits poorly on your strangely shaped body.
Your system is resistant to poisons. (rPois)
You cover ground very slowly.
You have a slow metabolism.
You can spit poison.
You are dopey. (Int -2)


Message History

The unseen horror closely misses you. The unseen horror hits you!
* * * LOW HITPOINT WARNING * * *
You hit the unseen horror.
The unseen horror is almost dead.
The unseen horror hits you.
* * * LOW HITPOINT WARNING * * *
The unseen horror hits you.
* * * LOW HITPOINT WARNING * * *
You puncture the unseen horror!
The unseen horror looks as sick as possible!
The unseen horror is severely wounded.
The unseen horror hits you!
* * * LOW HITPOINT WARNING * * *
The unseen horror closely misses you. The unseen horror hits you.
* * * LOW HITPOINT WARNING * * *
The unseen horror hits you!
* * * LOW HITPOINT WARNING * * *
The unseen horror hits you!
You die...

.'.†#§#
##§§§#######+#
##§§'.# ###§#
!)## .#
##+####
#.##$$$# .#
#°.^..#
#§.###$# .≈
#○°°°.+
##.#A#$# .≈
###.)°#
#..###$#


m≈e '.#^.○# #.##..$# .≈# #.#..## #..#+### #.#^°# ##.x@# #.##+# ###x# #.# #.# §§#
#.# #.# #+# #§# +§# ### You could see 2 unseen horrors.

Vanquished Creatures
  2 centaur warriors (D)
  5 unseen horrors (D)
  A deep troll (D)
  A lindwurm (D)
  2 shining eyes (D)
  An oklob plant (D)
  A gargoyle (D)
  2 kobold demonologists (D)
  4 demonic crawlers (D)
  A hornet (D)
  A slime creature (D)
  Sigmund (D)
  2 redbacks (D)
  A yak (D)
  9 hogs (D)
  5 floating eyes (D)
  A necrophage (D)
  An ogre (D)
  8 jellies (D)
  Ijyb (D)
  4 ballistomycetes (D)
  A ballistomycete spore (D)
55 creatures vanquished.

Vanquished Creatures (collateral kills)
  A hydra (D)
  Sonja (D)
  6 shining eyes (D)
  3 hogs (D)
  2 floating eyes (D)
  6 necrophages (D)
19 creatures vanquished.

Vanquished Creatures (others)
  A merfolk siren (D)
  2 hornets (D)
  A hog (D)
  A ballistomycete spore (D)
5 creatures vanquished.

Grand Total: 79 creatures vanquished

Notes
Turn   | Place    | Note
-------+----------+-------------------------------------------
     0 | D        | Groucho the Naga Berserker began the quest for the Orb.
     0 | D        | Reached XP level 1. HP: 21/21 MP: 1/1
     2 | D        | Noticed Ijyb
    37 | D        | Killed Ijyb
    37 | D        | Reached skill level 9 in Stealth
    37 | D        | Reached XP level 2. HP: 15/28 MP: 2/2
    37 | D        | Reached XP level 3. HP: 19/34 MP: 3/3
   462 | D        | Noticed an ogre
   469 | D        | Killed an ogre
   469 | D        | Reached skill level 13 in Stealth
   469 | D        | Reached XP level 4. HP: 42/42 MP: 4/4
   634 | D        | Noticed Sigmund
   640 | D        | Killed Sigmund
   640 | D        | Reached ** piety under Trog
   640 | D        | Reached skill level 17 in Stealth
   640 | D        | Reached XP level 5. HP: 49/49 MP: 5/5
   640 | D        | Reached XP level 6. HP: 56/56 MP: 6/6
   678 | D        | Found an ornate altar of the Wu Jian Council.
   678 | D        | Found a deep blue altar of Sif Muna.
   680 | D        | Found a radiant altar of Vehumet.
   684 | D        | Reached skill level 18 in Stealth
   703 | D        | Found Soraesy's Weapon Emporium.
   703 | D        | Found an ancient bone altar of Kikubaaqudgha.
   703 | D        | Found a hazy altar of Hepliaklqana.
   703 | D        | Found a stormy altar of Qazlal.
   703 | D        | Found a hide-covered altar of Uskayaw.
   703 | D        | Found a blossoming altar of Fedhas.
   703 | D        | Found a bloodstained altar of Trog.
   703 | D        | Found an iron altar of Okawaru.
   703 | D        | Found a basalt altar of Yredelemnul.
   703 | D        | Found a glowing golden altar of the Shining One.
   703 | D        | Found a snail-covered altar of Cheibriados.
   703 | D        | Found a sacrificial altar of Ru.
   703 | D        | Found a glowing silver altar of Zin.
   703 | D        | Found a shadowy altar of Dithmenos.
   703 | D        | Found a white marble altar of Elyvilon.
   703 | D        | Noticed a yak
   704 | D        | Found an opulent altar of Gozag.
   705 | D        | Killed a yak
   705 | D        | Reached XP level 7. HP: 64/64 MP: 7/7
   706 | D        | Found a sparkling altar of Nemelex Xobeh.
   737 | D        | Found a viscous altar of Jiyva.
   737 | D        | Found a corrupted altar of Lugonu.
   737 | D        | Noticed a slime creature
   738 | D        | Found a burning altar of Makhleb.
   738 | D        | Found a shimmering altar of Xom.
   748 | D        | Killed a slime creature
   748 | D        | Reached *** piety under Trog
   748 | D        | Reached skill level 5 in Fighting
   748 | D        | Reached skill level 5 in Short Blades
  1355 | D        | Noticed a centaur warrior
  1355 | D        | Noticed a centaur warrior
  1356 | D        | Killed a centaur warrior
  1356 | D        | Reached skill level 5 in Armour
  1356 | D        | Reached skill level 5 in Dodging
  1356 | D        | Reached skill level 19 in Stealth
  1356 | D        | Reached XP level 8. HP: 78/78 MP: 8/8
  1357 | D        | Killed a centaur warrior
  1357 | D        | Reached skill level 20 in Stealth
  1357 | D        | Reached XP level 9. HP: 87/87 MP: 9/9
  1480 | D        | Killed a hornet
  1484 | D        | Noticed a hornet
  1487 | D        | Killed a hornet
  1502 | D        | Noticed an oklob plant
  1504 | D        | Killed an oklob plant
  1504 | D        | Reached **** piety under Trog
  1543 | D        | Noticed an unseen horror
  1545 | D        | Noticed an unseen horror
  1550 | D        | Killed an unseen horror
  1550 | D        | Reached ***** piety under Trog
  1550 | D        | Reached skill level 21 in Stealth
  1550 | D        | Reached XP level 10. HP: 99/99 MP: 10/10
  1552 | D        | Killed an unseen horror
  1589 | D        | Reached ****** piety under Trog
  1607 | D        | Received a gift from Trog
  1980 | D        | Got an ichor-stained fustibalus
  1984 | D        | Found Suplas's General Store.
  1984 | D        | Found Dodur's Assorted Antiques.
  1984 | D        | Found Pulei's General Store.
  1986 | D        | Found Riuruima's Antique Weapon Emporium.
  1986 | D        | Found Siyreged's Magic Scroll Shop.
  1986 | D        | Found Pextyum's Weapon Shoppe.
  1986 | D        | Found Mekkesak's General Store.
  1986 | D        | Found Anaefeoz's Book Emporium.
  1986 | D        | Found Fapiliz's Gadget Shop.
  1986 | D        | Found Xavole's General Store.
  1990 | D        | Found Emed's Magic Scroll Boutique.
  1991 | D        | Found Warelawu's Assorted Antiques.
  1991 | D        | Found Wecid's Assorted Antiques.
  1992 | D        | Found Toimpyvi's Distillery.
  2081 | D        | Noticed a deep troll
  2083 | D        | Killed a deep troll
  2083 | D        | Reached skill level 10 in Fighting
  2083 | D        | Reached skill level 10 in Short Blades
  2095 | D        | Found Ostroteos's Armour Emporium.
  2106 | D        | Noticed Sonja
  2121 | D        | Killed Sonja
  2121 | D        | Received a gift from Trog
  2160 | D        | Got a scorched short sword {god gift}
  2161 | D        | Identified the +8 short sword of Moral Flaws {venom,
                  | *Contam +Inv rN+++ Int-3} (Trog gifted it to you in the
                  | Dungeon)
  2170 | D        | Found Toliolic's Distillery.
  2178 | D        | Bought a potion of flight for 33 gold pieces
  2383 | D        | Bought a ration for 55 gold pieces
  2383 | D        | Bought a ration for 55 gold pieces
  2384 | D        | Bought a ration for 65 gold pieces
  2384 | D        | Bought a ration for 65 gold pieces
  2384 | D        | Bought a ration for 65 gold pieces
  2490 | D        | Noticed a shining eye
  2490 | D        | Noticed a shining eye
  2490 | D        | Noticed a shining eye
  2490 | D        | Noticed a shining eye
  2490 | D        | Noticed a shining eye
  2490 | D        | Noticed a shining eye
  2492 | D        | Reached skill level 1 in Evocations
  2493 | D        | Noticed a shining eye
  2493 | D        | Noticed a shining eye
  2494 | D        | Paralysed by a floating eye for 3 turns
  2501 | D        | Killed a shining eye
  2504 | D        | Killed a shining eye
  2504 | D        | Gained mutation: You are dopey. (Int -2) [a shining eye]
  2506 | D        | Killed a shining eye
  2507 | D        | Killed a shining eye
  2507 | D        | Received a gift from Trog
  2507 | D        | Reached skill level 5 in Evocations
  2507 | D        | Reached XP level 11. HP: 108/108 MP: 10/14
  2509 | D        | Paralysed by a floating eye for 4 turns
  2510 | D        | Killed a shining eye
  2511 | D        | Killed a shining eye
  2515 | D        | Killed a shining eye
  2517 | D        | Killed a shining eye
  2538 | D        | Found Lupnar's Armour Shop.
  2538 | D        | Found Exkal's Antique Weapon Shoppe.
  2538 | D        | Found Fohech's Food Boutique.
  2538 | D        | Found Kaekk's Food Emporium.
  2624 | D        | Reached skill level 22 in Stealth
  2626 | D        | Received a gift from Trog
  2627 | D        | Found the +8 arc blade {discharge, rElec}
  2665 | D        | Noticed a lindwurm
  2667 | D        | Killed a lindwurm
  2701 | D        | Received a gift from Trog
  2711 | D        | Noticed a 12-headed hydra
  2728 | D        | Killed a 12-headed hydra
  2728 | D        | Received a gift from Trog
  3156 | D        | Noticed a deep elf annihilator
  3178 | D        | Noticed a daeva
  3182 | D        | Noticed an unseen horror
  3182 | D        | Noticed an unseen horror
  3182 | D        | Noticed an unseen horror
  3182 | D        | Noticed an unseen horror
  3184 | D        | Killed an unseen horror
  3194 | D        | Killed an unseen horror
  3199 | D        | Killed an unseen horror
  3199 | D        | Reached skill level 10 in Armour
  3199 | D        | Reached skill level 10 in Dodging
  3199 | D        | Reached XP level 12. HP: 62/121 MP: 18/18
  3213 | D        | HP: 6/121 [unseen horror (7)]
  3213 | D        | Slain by an unseen horror

Skill      XL: |  1  2  3  4  5  6  7  8  9 10 11 |
---------------+----------------------------------+-----
Stealth        | 9 13 17 18 19 20 21 22 | 22.0
Fighting       | 4 6 7 9 10 12 | 12.0
Short Blades   | 4 6 7 9 11 13 | 13.5
Armour         | 2 5 6 7 8 10 | 10.0
Dodging        | 2 5 6 7 8 10 | 10.1
Evocations     | 5 8 |  8.0

Action                   |  1- 3 |  4- 6 |  7- 9 | 10-12 || total
-------------------------+-------+-------+-------+-------++-------
Melee: Short sword       |    37 |     6 |    16 |   145 ||   204
       Rapier            |       |       |       |     5 ||     5
Throw: Stone             |       |       |       |     1 ||     1
Invok: Berserk           |     1 |     1 |     1 |     3 ||     6
       Brothers in Arms  |       |       |       |     6 ||     6
       Trog's Hand       |       |       |       |     1 ||     1
 Abil: Evoke Invisibilit |       |       |       |     1 ||     1
  Use: Potion            |     3 |       |       |       ||     3
       Scroll            |       |       |     1 |     1 ||     2
 Stab: Sleeping          |     1 |     2 |     8 |    21 ||    32
  Eat: Chunk             |       |       |     2 |       ||     2
       Ration            |       |       |     1 |     2 ||     3
Armor: Animal skin       |     1 |       |       |    15 ||    16
Dodge: Dodged            |    12 |     3 |     1 |    65 ||    81
